 Dungeon Crawl Stone Soup version 0.18-a0-1088-g34ef3a2 (webtiles) character file.

214 ater218 the Covered (level 5, -1/41 HPs)
             Began as a Demonspawn Fighter on Jan 15, 2016.
             Slain by a mummy (12 damage)
             ... on level 4 of the Dungeon.
             The game lasted 00:12:31 (4215 turns).

ater218 the Covered (Demonspawn Fighter)            Turns: 4215, Time: 00:12:31

Health: -1/41      AC:  9    Str: 17    XL:     5   Next: 60%
Magic:  0/5        EV:  7    Int:  9    God:
Gold:   161        SH:  0    Dex: 13    Spells: 0 memorised, 4 levels left

rFire  . . .     SeeInvis .     q - +0 halberd
rCold  . . .     Gourm    .     o - +0 chain mail
rNeg   . . .     Faith    .     (shield currently unavailable)
rPois  .         Spirit   +     (no helmet)
rElec  .         Dismiss  .     m - -1 cloak (curse)
rCorr  .         Reflect  .     (no gloves)
SustAt .         Harm     .     (no boots)
MR     .....                    (no amulet)
Stlth  ..........               (no ring)
                                (no ring)

@: lethally poisoned (-1 -> -2), not resistant to hostile enchantments,
extremely unstealthy
A: talons 1, magic shield
a: no special abilities


You were on level 4 of the Dungeon.
You were hungry.

You visited 1 branch of the dungeon, and saw 4 of its levels.

You collected 161 gold pieces.

Inventory:

Hand Weapons
 a - a +0 trident
 q - a +0 halberd (weapon)
Armour
 c - a +0 shield
 m - a cursed -1 cloak (worn)
 o - a +0 chain mail (worn)
Scrolls
 b - a scroll of enchant armour {unknown}
 h - a scroll of magic mapping
 i - a scroll of fear
 k - 2 scrolls of remove curse
Potions
 d - a potion of might
 e - a potion of heal wounds
 j - a potion of curing {unknown}
 l - 2 potions of resistance {unknown}
 n - a potion of invisibility {unknown}
 p - a potion of lignification {unknown}
Comestibles
 f - 3 bread rations
 g - a royal jelly


   Skills:
 + Level 3.5 Fighting
 + Level 2.8 Polearms
 + Level 4.1 Armour
 + Level 1.8 Dodging
 - Level 3.2 Shields


You had 4 spell levels left.
You didn't know any spells.

Dungeon Overview and Level Annotations

Branches:
Dungeon (4/15)
 Temple: D:4-7

Altars:
Ashenzari
Elyvilon

Portals:
Ossuary: D:4

Annotations:
D:3 Uberwunderbarhen's ghost, amateur DEFE


Innate Abilities, Weirdness & Mutations

You have sharp toenails.
When hurt, damage is shared between your health and your magic reserves.


Message History

You feel sick. The adder bites you but does no damage.
You miss the adder. Your kick misses the adder.
The adder is almost dead.
You feel sick. The adder bites you. The adder bites you but does no damage.
You hit the adder.
You kill the adder!
You feel sick.
You feel sick.
You feel sick.
You open the door.
A mummy comes into view.
Found a sand-covered staircase.
A mummy is nearby!
You close the door.
You start resting.
You feel sick.
A mummy opens the door.
There is an open door here.
You closely miss the mummy. The mummy hits you!
You die...

......... ..# #......#
#.# ### #......#
######.# ..# #......#
#......# #.# ##......#
#......####.# #.......#
#...........#
##.......###............
#...................####
#.#####@#####..........#
#..##..M..##.....###....
##..##...##......# ....
#...##∩##.......# ....
###..###..#.....# ....
##..#..[......# ....
##...######### #####


You could see a mummy.

Vanquished Creatures
  A worker ant (D:3)
  3 gnolls (D:4)
  10 adders
  2 worms
  3 giant geckos
  6 orcs (D:3)
  A ball python (D:2)
  5 bats
  A giant cockroach (D:3)
  8 goblins
  9 hobgoblins
  4 kobolds
  A quokka (D:2)
  3 giant newts
  7 rats
64 creatures vanquished.

Notes
Turn   | Place    | Note
--------------------------------------------------------------
     0 | D:1      | ater218 the Demonspawn Fighter began the quest for the Orb.
     0 | D:1      | Reached XP level 1. HP: 18/18 MP: 1/1
   329 | D:1      | Gained mutation: When hurt, damage is shared between your health and your magic reserves. [demonic ancestry]
   329 | D:1      | Reached XP level 2. HP: 22/24 MP: 2/2
   983 | D:2      | Gained mutation: You have sharp toenails. [demonic ancestry]
   983 | D:2      | Reached XP level 3. HP: 25/29 MP: 3/3
  1066 | D:2      | Reached skill level 1 in Dodging
  1066 | D:2      | Reached XP level 4. HP: 13/35 MP: 1/4
  2124 | D:3      | Found a shattered altar of Ashenzari.
  2185 | D:3      | Noticed Uberwunderbarhen's ghost (amateur DEFE)
  2404 | D:3      | Found a white marble altar of Elyvilon.
  3309 | D:3      | Reached XP level 5. HP: 36/41 MP: 5/5
  3742 | D:3      | HP: 2/41 [poisoned by a worker ant]
  4052 | D:4      | Reached skill level 4 in Armour
  4209 | D:4      | Found a sand-covered staircase.
  4215 | D:4      | Slain by a mummy

Vault maps used:
D:1:      wheals_arrival_shading
D:3:      overflow_temple_1_default, overflow_temple_1_default, first_bread,
          cheibrodos_ashenzari_chains
D:4:      lemuel_crystal_altar, gup_ossuary_entry_pyramid,
          serial_park_tiny_pond, nicolae_zen_rock_garden

Action                   |  1- 3 |  4- 6 || total
-------------------------+-------+-------++-------
Melee: Trident           |   104 |   212 ||   316
       Halberd           |       |    24 ||    24
  Use: Scroll            |     4 |       ||     4
       Potion            |     2 |       ||     2
  Eat: Chunk             |     1 |     5 ||     6
       Bread ration      |       |     1 ||     1
